Map: Croisement de Kairos EC

Players

IlIlIlIlIlIl - Winner!

  • Race: Protoss Protoss
  • League: Master
  • Spawn Location: 5:00

zuka

  • Race: Protoss Protoss
  • League: Master
  • Spawn Location: 11:00

VOD

Have the link to the VOD?

Description

Time

  • Played on: Feb. 20, 2019, 2:56 p.m.
  • Length: 2:44
Show
View Real Time Build Order
Export as new Build Order

IlIlIlIlIlIl Protoss - Winner!

Build Orders:  

Get SALT Encoding   

  1  0:00  Probe  
  12  0:05  Probe  
  14  0:15  Probe  
  15  0:37  Pylon  
  15  0:56  Gateway  
  15  0:57  Gateway  
  15  0:59  Gateway  
  15  1:10  Forge  
  15  1:28  Pylon  
  15  1:34  Zealot  
  15  1:43  Zealot  
  19  1:47  Photon Cannon  
  19  1:53  Zealot  
  21  2:01  Zealot  
  21  2:02  Zealot  
  31  2:43  Pylon  
Show
View Real Time Build Order
Export as new Build Order

zuka Protoss 

Build Orders:  

Get SALT Encoding   

  12  0:01  Probe  
  13  0:13  Probe  
  14  0:19  Pylon  
  14  0:21  Probe  
  15  0:33  Probe  
  15  0:38  Gateway  
  16  0:45  Probe  
  16  0:48  Assimilator  
  17  0:54  Probe  
  18  0:57  Assimilator  
  18  1:02  Probe  
  18  1:11  Probe  
  20  1:18  Gateway  
  20  1:23  Probe  
  21  1:30  Assimilator  
  21  1:36  Cybernetics Core  
  21  1:38  Assimilator  
  21  1:43  Assimilator  
  21  1:57  Pylon  
  21  2:05  Stalker  
  25  2:21  Shield Battery  
  25  2:27  Gateway  
  25  2:29  Shield Battery  
Tags
 
Add a new tag
Caveats
  • Supply blocks, unpowered buildings, or Contaminate may cause inaccurate times.
  • Supply counts are checked every 10 seconds.